 Dungeon Crawl Stone Soup version 0.29.1-12-g30fa7ad0bf (webtiles) character file.

Game seed: 9862569780403986147

1446 suipiss the Purveyor of Pain (level 8, -3/56 (58) HPs)
             Began as a Demonspawn Transmuter on Jan 18, 2023.
             Was an Initiate of Kikubaaqudgha.
             Slain by Pikel
             ... wielding a +1 whip of electrocution
              (18 damage)
             ... on level 6 of the Dungeon.
             The game lasted 00:09:03 (5893 turns).

suipiss the Purveyor of Pain (DsTm)                 Turns: 5893, Time: 00:09:04

HP:   -3/56 (58)    AC:  4    Str: 12    XL:     8   Next: 46%
MP:   14/15         EV: 13    Int: 16    God:    Kikubaaqudgha [......]
Gold: 306           SH:  0    Dex: 13    Spells: 10/16 levels left

rFire   + . .      SeeInvis .     - Unarmed
rCold   . . .      Faith    .   (no shield)
rNeg    . . .      Spirit   .   j - +2 robe {rF+}
rPois   .          Reflect  .   (helmet currently unavailable)
rElec   .          Harm     .   (no cloak)
rCorr   .          Rampage  .   (no gloves)
Will    .....                   (boots currently unavailable)
Stlth   +.........              (no amulet)
HPRegen 0.18/turn               p - +4 ring of slaying
MPRegen 0.14/turn               (no ring)

@: appendages, wereblooded, lightly drained, invisible (expiring)
A: talons 2, antennae 1, spiny 2, sturdy frame 1, condensation shield
a: End Transformation, Renounce Religion


You were on level 6 of the Dungeon.
You worshipped Kikubaaqudgha.
Kikubaaqudgha was noncommittal.
You had temporarily grown beastly talons.
You visited 2 branches of the dungeon, and saw 7 of its levels.

You collected 306 gold pieces.

Inventory:

Hand Weapons
 o - the +4 dagger of Fatigue {pain, Fly rC+ Str+4}
   (You found it on level 3 of the Dungeon)

   In the hands of one skilled in necromantic magic, it inflicts extra damage on
   living creatures.
   Str:       It affects your strength (+4).
   rC:        It protects you from cold.
   Fly:       It grants you flight.
Armour
 f - a +0 pair of boots (melded)
 j - a +2 robe of fire resistance (worn)
Jewellery
 p - a +4 ring of slaying (left hand)
Wands
 r - a wand of flame (22)
 s - a wand of mindburst (14)
Scrolls
 a - a scroll of torment {unknown}
 c - a scroll of enchant armour
 d - a scroll of summoning {unknown}
 h - 2 scrolls of teleportation {unknown}
 i - 2 scrolls of poison {unknown}
 l - 2 scrolls of immolation {unknown}
 m - 2 scrolls of amnesia {unknown}
 n - 2 scrolls of blinking {unknown}
 q - a scroll of fear {unknown}
 t - a scroll of magic mapping {unknown}
 v - a scroll of noise {unknown}
Potions
 b - 3 potions of curing
 e - a potion of heal wounds
 g - 2 potions of invisibility
 k - a potion of resistance {unknown}
 u - 2 potions of berserk rage {unknown}
 w - a potion of flight {unknown}


   Skills:
 + Level 3.4 Fighting
 + Level 3.5 Dodging
 + Level 4.1 Unarmed Combat
 * Level 4.8 Spellcasting
 * Level 5.2 Necromancy
 * Level 4.8 Transmutations


You had 10 spell levels left.
You knew the following spells:

 Your Spells              Type           Power      Damage    Failure   Level
a - Beastly Appendage     Tmut           38%        N/A       1%          1
b - Wereblood             Tmut           19%        N/A       3%          2
c - Spider Form           Tmut/Pois      11%        N/A       17%         3

Your spell library contained the following spells:

 Spells                   Type           Power      Damage    Failure   Level
 Magic Dart               Conj           12%        1d3       16%         1
 Call Imp                 Summ           3%         N/A       24%         2
 Ensorcelled Hibernation  Hex/Ice        6%         N/A       24%         2
 Mephitic Cloud           Conj/Pois/Air  3%         N/A       43%         3
 Anguish                  Hex/Necr       6%         N/A       47%         4
 Ice Form                 Ice/Tmut       11%        N/A       50%         4


Dungeon Overview and Level Annotations

Branches:
Dungeon (6/15)             Temple (1/1) D:5

Altars:
Cheibriados
Dithmenos
Gozag
Hepliaklqana
Kikubaaqudgha
Makhleb
Nemelex Xobeh
Qazlal
Ru
Sif Muna
Trog
Uskayaw
Vehumet
Wu Jian
Xom
Yredelemnul

Annotations:
D:4 1 runed translucent door, cowcol's ghost, amateur MiMo
D:6 Edmund; Pikel


Innate Abilities, Weirdness & Mutations

You have temporarily grown beastly talons.
You have a pair of small antennae on your head.
You are mostly covered in sharp spines.
Your movements are slightly less encumbered by armour. (ER -2)
A meltable shield of frost defends you. (SH +0)


Message History

Pikel hits you with a +1 whip of electrocution!
The gnoll hits you with a +0 halberd! The lemure hits you but does no damage.
You hit the gnoll.
You feel a bit better.
You kill the gnoll!
Kikubaaqudgha accepts your kill.
You howl as the wereblood boils in your veins!
You flicker for a moment.
Pikel zaps a wand.
The puff of flame hits you but does no damage.
You resist. The lemure is struck by your spines. The lemure hits you!
* * * LOW HITPOINT WARNING * * *
Edmund mutters, "Who needs spells, anyway?"
You hit Pikel. You claw Pikel!
Pikel is moderately wounded.
Pikel is struck by your spines. Pikel closely misses you.
The lemure barely misses you.
You hit Pikel.
Pikel is heavily wounded.
Pikel zaps a wand.
The puff of flame hits you. You resist.
* * * LOW HITPOINT WARNING * * *
The lemure is struck by your spines. The lemure misses you.
You feel much better. Pikel is struck by your spines.
Pikel hits you with a +1 whip of electrocution.
The lemure closely misses you.
You catch the helpless Pikel completely off-guard!
You hit Pikel. Your punch misses Pikel.
Pikel is severely wounded.
You howl as the wereblood boils in your veins!
Pikel is struck by your spines. Pikel misses you.
The lemure is struck by your spines. The lemure closely misses you.
Edmund is struck by your spines.
Edmund hits you with a +0 flail of draining!
You feel drained.
You barely miss Pikel. You claw Pikel.
Pikel is almost dead.
Pikel hits you with a +1 whip of electrocution!
* * * LOW HITPOINT WARNING * * *
You are electrocuted!!
You die...
Kikubaaqudgha rasps: "You have failed me!
Welcome... death!"

... #.# ... #.#
>... #.# .....
#.# .....##.#
......#.#
......K@########
#.@5.[....#
#..)<..$#.#
###.....#
.......(.#
#.######### #. #


You could see Edmund (unable to see you), Pikel (unable to see you) and a lemure
(unable to see you).

Vanquished Creatures
  Sigmund (D:2)
  A water moccasin (D:5)
  2 ice beasts (D:5)
  An ogre (D:4)
  4 black bears (D:5)
  A phantom (D:4)
  3 lemures
  A scorpion (D:6)
  An orc priest (D:5)
  A jelly (D:3)
  An iguana (D:5)
  12 gnolls
  9 adders
  A white imp (D:5)
  An ufetubus (D:6)
  5 worms
  5 dart slugs
  16 orcs
  14 ball pythons
  2 bats
  10 endoplasms
  4 giant cockroaches
  7 goblins
  8 hobgoblins
  6 jackals
  5 kobolds
  7 quokkas
  6 frilled lizards
  4 rats
139 creatures vanquished.

Notes
Turn   | Place    | Note
-------+----------+-------------------------------------------
     0 | D:1      | suipiss the Demonspawn Transmuter began the quest for the
                  | Orb.
     0 | D:1      | Reached XP level 1. HP: 15/15 MP: 3/3
   290 | D:1      | Gained mutation: A meltable shield of frost defends you.
                  | (SH +0) [demonic ancestry]
   290 | D:1      | Reached XP level 2. HP: 17/21 MP: 5/5
   438 | D:1      | Reached skill level 1 in Necromancy
   554 | D:1      | Learned a level 2 spell: Wereblood
   960 | D:1      | Reached XP level 3. HP: 26/26 MP: 3/6
  1385 | D:2      | Noticed Sigmund
  1394 | D:2      | Killed Sigmund
  1395 | D:2      | Reached skill level 2 in Necromancy
  1395 | D:2      | Gained mutation: You are partially covered in sharp spines.
                  | [demonic ancestry]
  1395 | D:2      | Reached XP level 4. HP: 33/33 MP: 6/8
  1395 | D:2      | Gained mutation: You have a pair of small antennae on your
                  | head. [demonic ancestry]
  1395 | D:2      | Reached XP level 5. HP: 38/38 MP: 6/9
  1548 | D:2      | You fall into a shaft and drop 1 floor!
  1664 | D:3      | Found a shadowy altar of Dithmenos.
  1993 | D:2      | Found a faded altar of an unknown god.
  2310 | D:2      | Gained mutation: Your movements are slightly less
                  | encumbered by armour. (ER -2) [demonic ancestry]
  2310 | D:2      | Reached XP level 6. HP: 35/44 MP: 6/10
  2712 | D:3      | Identified the +4 dagger of Fatigue {pain, Fly rC+ Str+4}
  2814 | D:3      | Found an opulent altar of Gozag.
  3102 | D:3      | Reached skill level 3 in Necromancy
  3640 | D:4      | Found a snail-covered altar of Cheibriados.
  3737 | D:4      | Found a runed translucent door.
  3747 | D:4      | Noticed cowcol's ghost (amateur MiMo)
  3796 | D:4      | Reached XP level 7. HP: 51/51 MP: 12/12
  4313 | D:4      | Found an ornate altar of the Wu Jian Council.
  4438 | D:5      | Entered Level 5 of the Dungeon
  4531 | D:5      | Reached skill level 4 in Necromancy
  4749 | D:5      | Gained mutation: You are mostly covered in sharp spines.
                  | [demonic ancestry]
  4749 | D:5      | Reached XP level 8. HP: 56/58 MP: 12/14
  4912 | D:5      | Found a staircase to the Ecumenical Temple.
  4926 | Temple   | Entered the Ecumenical Temple
  5133 | Temple   | Became a worshipper of Kikubaaqudgha
  5192 | D:5      | Learned a level 3 spell: Spider Form
  5328 | D:5      | Reached skill level 5 in Necromancy
  5650 | D:6      | Noticed Pikel
  5885 | D:6      | Noticed Edmund
  5893 | D:6      | Slain by Pikel

Illustrated notes

Levels and vault maps discovered:
D:1:      denvon_arrival_waterhouse, layout_basic
D:2:      layout_loops_ring, serial_aquarium, aquarium_bridge_square
          [aquarium_subvault_balcony, aquarium_subvault_balcony,
          aquarium_subvault_wall, aquarium_subvault_bridge],
          aquarium_window_corner, aquarium_window_corridor_2,
          aquarium_window_corner, aquarium_view_2f, aquarium_view_2d,
          dreamdust_ecumenical_altar_grove, grunt_ministairs_10,
          nicolae_figureground_sparkle, uniq_sigmund
D:3:      layout_loops_ring, lemuel_round_altar,
          grunt_dithmenos_smoke_and_mirrors, mainiacjoe_overflow_24_doors,
          kennysheep_decorative_pillar, minmay_pentomino_pile
D:4:      layout_loops_ring, nicolae_wu_jian_immortal_techniques,
          lemuel_coloured_pillars_altar, hellmonk_ghost_happy_afterlife
D:5:      layout_basic, minmay_temple_entry_proselytizer
D:6:      layout_basic, gup_sewer_entry_bowl, st_stairs_5,
          kennysheep_generic_room_15, uniq_edmund, uniq_crazy_yiuf_cottage,
          uniq_pikel
Temple:   eino_temple_rhombus

Skill      XL: |  1  2  3  4  5  6  7  8 |
---------------+-------------------------+-----
Transmutations | 2 3 4 |  4.8
Necromancy     | 1 2 3 4 5 |  5.2
Dodging        | 2 3 |  3.5
Unarmed Combat | 3 4 |  4.1
Spellcasting   | 3 4 |  4.8
Fighting       | 2 3 |  3.4

Action                   |  1- 3 |  4- 6 |  7- 9 || total
-------------------------+-------+-------+-------++-------
Melee: Unarmed           |    61 |   106 |   117 ||   284
       Kick              |    18 |    33 |    25 ||    76
       Headbutt          |     7 |       |       ||     7
       Punch             |     1 |     2 |     6 ||     9
 Cast: Beastly Appendage |    20 |    32 |    18 ||    70
       Wereblood         |       |     6 |     8 ||    14
  Use: Potion            |     1 |       |     3 ||     4
       Scroll            |       |     4 |     1 ||     5
 Stab: Sleeping          |     1 |     2 |     1 ||     4
       Invisible         |       |       |     5 ||     5
Armor: Robe              |     5 |    11 |    20 ||    36
       Skin              |     3 |       |       ||     3
Dodge: Dodged            |    32 |    49 |   103 ||   184
Block: Other             |     6 |    12 |    28 ||    46
